 Dungeon Sprint DCSS version 0.28.0-43-g3370ac3207 (webtiles) character file.

Game seed: 10532833751114802980

25 smarlow the Shield-Bearer (level 2, -5/29 HPs)
             Began as a Minotaur Fighter on Feb 28, 2022.
             Slain by an ogre
             ... wielding a +0 giant spiked club
              (16 damage)
             ... in the Dungeon (Sprint I: "Red Sonja").
             The game lasted 00:00:08 (18 turns).

smarlow the Shield-Bearer (Minotaur Fighter)          Turns: 18, Time: 00:00:09

Health: -5/29      AC:  7    Str: 20    XL:     2   Next: 82%
Magic:  1/1        EV:  9    Int:  5    God:
Gold:   0          SH:  4    Dex:  9    Spells: 1/1 levels left

rFire   . . .      SeeInvis .   a - +0 war axe
rCold   . . .      Faith    .   c - +0 buckler
rNeg    . . .      Spirit   .   b - +0 scale mail
rPois   .          Reflect  .   (helmet restricted)
rElec   .          Harm     .   (no cloak)
rCorr   .          Rampage  .   (no gloves)
Will    .....      NoTele   +   (no boots)
Stlth   ..........              (no amulet)
HPRegen 0.09/turn               (no ring)
MPRegen 0.07/turn               (no ring)

@: mighty
A: horns 2, retaliatory headbutt
a: no special abilities


You were in the Dungeon.
You visited 1 branch

Inventory:

Hand Weapons
 a - a +0 war axe (weapon)
Armour
 b - a +0 scale mail (worn)
 c - a +0 buckler (worn)
Wands
 d - a wand of digging (6)
Scrolls
 j - a scroll of blinking
Potions
 e - a potion of curing
 f - a potion of heal wounds
 g - a potion of haste
 h - 2 potions of magic
 i - a potion of berserk rage


   Skills:
 + Level 5.2 Fighting
 + Level 3.0 Axes
 + Level 5.2 Armour
 + Level 0.1 Dodging
 + Level 5.3 Shields


You had one spell level left.
You didn't know any spells.
Your spell library was empty.

Dungeon Overview and Level Annotations

Branches:
Dungeon (1/1)

Altars:


Innate Abilities, Weirdness & Mutations

You have a pair of horns on your head.
You reflexively headbutt those who attack you in melee.


Message History

You open the door.
Ijyb the Twisted Goblin comes into view.
She is wielding a +0 dagger and carrying a wand of digging (6).
There is an open door here.
You hit Ijyb but do no damage. You block Ijyb's attack.
You hit Ijyb but do no damage. You block Ijyb's attack.
You closely miss Ijyb. Ijyb hits you with a +0 dagger. Ijyb closely misses you.
You feel very mighty all of a sudden. Ijyb barely misses you.
You barely miss Ijyb. Ijyb hits you but does no damage.
You closely miss Ijyb. Your headbutt misses Ijyb.
Ijyb hits you but does no damage. x2
You slash Ijyb! You headbutt Ijyb!
You kill Ijyb!
Your Fighting skill gained 2 levels and is now at level 5!
Your Axes skill increases to level 3!
Your Armour skill gained 2 levels and is now at level 5!
Your Shields skill gained 2 levels and is now at level 5!
You have reached level 2!
d - a wand of digging (6)
Things that are here:
a +0 dagger; a +0 chain mail You open the door.
An ogre comes into view. It is wielding a +0 giant spiked club.
The ogre shouts!
There is an open door here.
You slash the ogre!
The ogre is heavily wounded.
The ogre hits you with a +0 giant spiked club!
Ouch! That really hurt!
You slash the ogre! Your headbutt misses the ogre.
The ogre is severely wounded.
You block the ogre's attack.
You barely miss the ogre.
The ogre is severely wounded.
The ogre closely misses you.
You hit the ogre.
The ogre is almost dead.
The ogre hits you with a +0 giant spiked club!
Ouch! That really hurt!
You die...

##########
#<.#..@O.#
#..').#..+
#..#####+#
#..# #..#
#..# #⌠⌠#
####


You could see an ogre.

Vanquished Creatures
  Ijyb (D)
1 creature vanquished.

Notes
Turn   | Place    | Note
-------+----------+-------------------------------------------
     0 | D        | smarlow the Minotaur Fighter began the quest for the Orb.
     0 | D        | Reached XP level 1. HP: 19/19 MP: 0/0
     2 | D        | Noticed Ijyb
     9 | D        | Killed Ijyb
    10 | D        | Reached skill level 5 in Fighting
    10 | D        | Reached skill level 5 in Armour
    10 | D        | Reached skill level 5 in Shields
    10 | D        | Reached XP level 2. HP: 25/29 MP: 1/1
    14 | D        | Noticed an ogre
    18 | D        | Slain by an ogre

Illustrated notes

Levels and vault maps discovered:
D:        dungeon_sprint_1 [red_sonja_temple_1, red_sonja_temple_small_1]

Skill      XL: |  1 |
---------------+----+-----
Fighting       | 5 |  5.2
Axes           | 3 |  3.0
Armour         | 5 |  5.2
Shields        | 5 |  5.3
Dodging        | |  0.1

Action                   || total
-------------------------++-------
Melee: War axe           ||    10
       Headbutt          ||     1
  Use: Potion            ||     1
Armor: Scale mail        ||     3
Dodge: Dodged            ||     3
Block: Buckler           ||     3
